Map: Graystone Ravine

Players

azn - Winner!

  • Race: Terran Terran
  • Spawn Location: 11:00

man

  • Race: Zerg Zerg
  • Spawn Location: 5:00

Gracz

  • Race: Terran Terran
  • Spawn Location: 3:00

bob - Winner!

  • Race: Protoss Protoss
  • Spawn Location: 9:00

VOD

Have the link to the VOD?

Description

Time

  • Played on: March 7, 2016, 11:53 a.m.
  • Length: 13:14
Show
View Real Time Build Order
Export as new Build Order

azn Terran - Winner!

Build Orders:  

Get SALT Encoding   

  12  0:01  SCV  
  13  0:14  Supply Depot  
  13  0:18  SCV  
  14  0:28  Refinery  
  14  0:33  Refinery  
  14  0:47  Barracks  
  14  0:51  SCV  
  15  1:03  Supply Depot  
  15  1:26  Barracks  
  15  1:36  Marine  
  16  1:42  Orbital Command  
  16  1:54  Marine  
  17  2:14  Factory  
  17  2:19  Reaper x2  
  19  2:51  SCV  
  19  2:55  Engineering Bay  
  20  2:58  Marine x2  
  20  3:03  SCV  
  23  3:15  SCV  
  23  3:19  Factory Tech Lab  
  24  3:20  Starport  
  22  4:03  Starport  
  22  4:07  Siege Tank  
  22  4:09  Starport Reactor  
  25  4:14  Missile Turret  
  25  4:22  Supply Depot  
  25  4:31  Liberator  
  25  4:36  Liberator  
  25  4:41  Command Center  
  31  5:04  Barracks Tech Lab x2  
  31  5:11  Supply Depot  
  31  5:15  Starport Reactor  
  31  5:26  Siege Tank  
  34  5:32  Marine x2  
  36  5:50  Marine x2  
  38  5:57  Orbital Command  
  38  6:02  SCV  
  39  6:14  SCV  
  40  6:26  SCV  
  41  6:38  SCV  
  36  6:59  Concussive Shells  
  36  7:02  Stimpack  
  36  7:06  Siege Tank  
  39  7:14  Refinery  
  39  7:16  Refinery  
  39  7:17  SCV  
  40  7:24  SCV  
  40  7:26  Liberator  
  40  7:27  Liberator  
  40  7:29  SCV  
  42  7:36  SCV  
  43  7:42  Combat Shields, SCV  
  47  7:48  SCV  
  51  7:54  SCV  
  52  8:00  SCV  
  52  8:05  Siege Tank  
  56  8:06  SCV  
  57  8:18  SCV  
  58  8:20  Supply Depot  
  58  8:22  Supply Depot  
  58  8:30  SCV  
  59  8:41  Viking  
  59  8:42  Viking x3  
  67  8:50  Missile Turret  
  67  8:51  Missile Turret  
  67  8:56  Missile Turret  
  67  8:58  Missile Turret  
  67  8:59  Missile Turret  
  61  9:33  Viking x4  
  61  9:38  Marine x2  
  71  9:52  Barracks  
  71  9:56  Marine x2  
  73  10:03  Viking x2  
  77  10:14  Marine  
  78  10:46  Marine x2, Viking  
  77  11:03  Marine x2  
  57  11:12  Siege Tank  
  60  11:20  Marine  
  60  11:21  Marine x2  
  63  11:37  Marine  
  63  11:39  Marine x2, Viking x4  
  74  11:44  Siege Tank  
  77  11:55  Marine  
  77  11:57  Marine x2  
  80  12:09  Viking  
  80  12:13  Marine  
  80  12:15  Marine x2  
  85  12:31  Marine  
  85  12:32  Marine x2  
Show
View Real Time Build Order
Export as new Build Order

man Zerg 

Build Orders: Hatch First, Muta Ling Bane 

Get SALT Encoding   

  12  0:02  Drone  
  13  0:12  Overlord  
  13  0:17  Drone  
  14  0:30  Drone x2  
  16  0:36  Drone  
  17  0:54  Hatchery  
  16  1:07  Spawning Pool  
  16  1:09  Drone  
  16  1:12  Drone  
  16  1:16  Drone  
  18  1:20  Drone  
  19  1:33  Drone  
  19  1:35  Extractor  
  19  1:45  Drone  
  20  1:52  Overlord  
  20  2:07  Queen  
  22  2:09  Queen  
  22  2:10  Zergling x2  
  22  2:12  Zergling x2  
  26  2:18  Drone x2  
  28  2:27  Drone  
  29  2:33  Drone  
  30  2:43  Drone x2  
  32  2:55  Queen  
  32  2:56  Drone x2  
  32  2:57  Overlord  
  36  3:06  Extractor  
  36  3:07  Metabolic Boost  
  35  3:13  Drone  
  35  3:14  Overlord x2  
  36  3:21  Drone x2  
  38  3:29  Drone  
  38  3:30  Drone x3  
  42  3:34  Zergling x2  
  42  3:35  Zergling x4  
  45  3:47  Zergling x4  
  46  3:54  Drone  
  46  3:55  Drone  
  48  4:04  Lair  
  48  4:06  Drone x4  
  52  4:17  Hatchery  
  52  4:18  Baneling Nest, Drone x2  
  52  4:31  Zergling x4  
  54  4:34  Extractor  
  54  4:37  Extractor  
  54  4:38  Zergling x4  
  54  4:47  Zergling x4  
  54  4:48  Zergling x4  
  58  4:53  Drone x2  
  60  5:03  Baneling x3  
  60  5:04  Baneling x4  
  60  5:09  Overlord x3  
  60  5:10  Overlord  
  60  5:31  Drone x2  
  60  5:32  Drone x6  
  68  5:39  Hatchery  
  68  5:40  Overseer  
  68  5:42  Overseer  
  67  5:46  Drone x6  
  73  5:55  Evolution Chamber  
  73  5:56  Evolution Chamber, Queen x3  
  75  5:58  Centrifical Hooks  
  77  6:21  Spire  
  76  6:30  Spore Crawler  
  75  6:34  Spore Crawler  
  75  6:37  Spore Crawler  
  73  6:47  Zerg Melee Weapons Level 1  
  73  6:58  Zerg Ground Armor Level 1  
  73  7:06  Drone x5  
  73  7:07  Overlord, Drone x5  
  73  7:08  Overlord x2  
  83  7:11  Queen  
  83  7:15  Spore Crawler  
  84  7:27  Overseer  
  82  7:34  Zergling x14  
  82  7:35  Zergling x8  
  81  7:45  Zergling x2  
  81  7:46  Zergling x16  
  78  8:01  Baneling x3  
  78  8:02  Baneling x17  
  78  8:03  Zergling x4  
  78  8:04  Zergling x12  
  78  8:05  Zergling x6  
  74  8:50  Mutalisk x6  
  74  8:51  Mutalisk x3  
  92  9:00  Hatchery  
  91  9:02  Hatchery  
  90  9:13  Zergling x16  
  90  9:14  Zergling x6  
  100  9:19  Overseer  
  100  9:32  Zergling x16  
  100  9:38  Overseer  
  108  9:40  Zerg Melee Weapons Level 2  
  95  9:56  Drone x2  
  95  9:57  Drone x6  
  101  10:07  Drone x4  
  104  10:14  Baneling  
  104  10:15  Baneling x9  
  104  10:21  Drone x3  
  107  10:33  Baneling  
  107  10:34  Baneling x12  
  105  10:44  Hydralisk Den  
  80  11:05  Drone  
  80  11:06  Drone x17  
  98  11:17  Muscular Augments  
  98  11:20  Zerg Missile Weapons Level 1  
  98  11:29  Zergling x10  
  98  11:31  Overlord x3  
  103  11:33  Overlord  
  103  11:45  Zergling x8  
  102  11:58  Zergling x10  
  102  11:59  Zergling x4  
  109  12:05  Zergling x6  
  109  12:06  Zergling x8  
  114  12:14  Hydralisk  
  114  12:15  Hydralisk x2  
  115  12:21  Hydralisk x2  
  115  12:22  Hydralisk  
  110  12:32  Hydralisk x4  
  99  12:39  Hydralisk x2  
Show
View Real Time Build Order
Export as new Build Order

Gracz Terran 

Build Orders:  

Get SALT Encoding   

  12  0:02  SCV  
  13  0:14  SCV  
  14  0:21  Supply Depot  
  14  0:30  Refinery  
  14  0:49  Barracks  
  14  1:40  Marine  
  15  2:06  Marine  
  16  2:12  SCV  
  17  2:24  SCV  
  18  2:36  SCV  
  19  2:41  Marine  
  20  2:48  SCV  
  21  2:59  Marine  
  21  3:04  Supply Depot  
  22  3:18  Command Center  
  22  3:23  Barracks, Refinery  
  22  3:25  Refinery  
  22  3:33  Barracks Reactor  
  23  4:04  Orbital Command  
  23  4:06  Refinery  
  22  4:17  Barracks  
  22  4:21  Barracks  
  22  4:22  Barracks Reactor  
  22  4:31  Supply Depot  
  22  4:34  Supply Depot  
  22  4:35  Orbital Command  
  22  4:41  SCV  
  23  4:53  SCV  
  23  4:56  Factory  
  24  5:05  SCV  
  24  5:06  SCV  
  26  5:17  Engineering Bay, SCV  
  26  5:18  Barracks Reactor, Engineering Bay  
  27  5:23  Barracks Reactor  
  27  5:24  Marine  
  28  5:41  Starport  
  28  5:46  Starport  
  28  5:55  Building Armor  
  28  6:05  SCV  
  28  6:07  SCV  
  30  6:18  SCV  
  30  6:19  SCV  
  22  6:31  SCV  
  19  6:43  SCV  
  17  6:52  Starport Tech Lab x2  
  17  6:55  SCV  
  18  7:07  SCV  
  19  7:12  Liberator  
  19  7:17  Factory Tech Lab  
  19  7:19  SCV  
  19  7:20  Marine  
  19  7:21  Marine x7  
  31  7:31  SCV  
  32  7:38  Marine  
  32  7:39  Marine x4  
  32  7:43  SCV  
  38  7:56  Barracks  
  27  8:46  SCV  
  27  8:48  Armory  
  28  8:52  Armory  
  28  8:58  SCV  
  26  9:10  SCV  
  26  9:14  Marine  
  26  9:15  Marine x4  
  32  9:18  Viking  
  30  9:30  SCV  
  31  9:33  SCV  
  32  9:42  SCV  
  33  9:45  SCV  
  34  9:54  SCV  
  34  9:56  Barracks Tech Lab  
  34  9:57  SCV  
  36  10:03  Medivac x2  
  40  10:07  Armory  
  40  10:10  SCV x2  
  42  10:22  SCV x2  
  44  10:34  SCV x2  
  46  10:47  Marine x5  
  46  10:48  Marine x4  
  55  10:53  SCV  
  55  10:55  SCV, Fusion Core  
  57  11:02  Terran Infantry Weapons Level 1  
  57  11:03  Terran Infantry Armor Level 1  
  55  11:05  Marine x6, SCV  
  55  11:08  SCV  
  61  11:18  SCV  
  62  11:31  Supply Depot  
  62  11:35  Supply Depot  
  62  11:39  Supply Depot  
  62  11:42  Supply Depot  
  62  11:49  SCV x2  
  62  11:53  Medivac  
  63  12:02  SCV x2  
  62  12:14  SCV x2  
  64  12:26  SCV  
Show
View Real Time Build Order
Export as new Build Order

bob Protoss - Winner!

Build Orders:  

Get SALT Encoding   

  12  0:03  Probe (Chrono Boost)  
  14  0:14  Probe (Chrono Boost)  
  14  0:23  Pylon  
  14  0:24  Probe (Chrono Boost)  
  15  0:41  Forge  
  15  0:45  Gateway  
  15  0:50  Probe (Chrono Boost)  
  16  1:01  Probe (Chrono Boost)  
  17  1:09  Pylon  
  17  1:11  Probe (Chrono Boost)  
  18  1:20  Photon Cannon  
  18  1:22  Probe (Chrono Boost)  
  19  1:28  Pylon  
  19  1:43  Pylon  
  18  2:00  Photon Cannon  
  18  2:05  Cybernetics Core  
  18  2:08  Assimilator, Probe (Chrono Boost)  
  19  2:09  Assimilator  
  19  2:18  Probe (Chrono Boost)  
  20  2:33  Photon Cannon  
  20  2:34  Pylon  
  19  2:46  Probe (Chrono Boost)  
  19  2:48  Warp Gate (Chrono Boost)  
  20  2:58  Probe  
  21  3:08  Nexus  
  21  3:10  Pylon  
  21  3:11  Pylon  
  21  3:16  Probe  
  22  3:26  Pylon  
  22  3:28  Probe  
  23  3:37  Photon Cannon  
  23  3:40  Probe  
  24  3:45  Pylon  
  24  3:54  Twilight Council  
  24  3:56  Probe  
  25  4:10  Gateway  
  25  4:19  Gateway, Probe  
  26  4:30  Probe  
  26  4:35  Dark Shrine  
  27  4:44  Photon Cannon  
  27  4:53  Gateway  
  27  4:55  Probe  
  27  4:58  Charge (Chrono Boost)  
  28  5:05  Probe  
  29  5:16  Probe  
  29  5:21  Protoss Ground Weapons Level 1 (Chrono Boost)  
  30  5:31  Probe  
  31  5:40  Gateway  
  31  5:42  Gateway  
  31  5:43  Probe  
  31  5:46  Zealot  
  31  5:47  Zealot  
  36  5:51  Zealot  
  36  5:55  Probe, Zealot  
  41  6:06  Photon Cannon  
  41  6:07  Probe  
  42  6:13  Zealot  
  42  6:14  Zealot x2  
  42  6:18  Zealot  
  50  6:32  Probe  
  51  6:39  Pylon  
  51  6:44  Probe  
  52  6:51  Zealot x3  
  52  6:52  Zealot  
  52  6:53  Zealot  
  62  6:56  Probe  
  63  7:03  Assimilator, Protoss Ground Armor Level 1 (Chrono Boost)  
  63  7:04  Assimilator  
  63  7:09  Probe  
  64  7:29  Dark Templar x3  
  70  7:30  Dark Templar  
  70  7:32  Dark Templar  
  70  7:34  Pylon  
  70  7:36  Pylon  
  70  7:37  Dark Templar  
  64  8:21  Blink  
  38  8:30  Stalker x4  
  38  8:31  Stalker x2  
  50  8:54  Zealot x3  
  50  8:55  Zealot x3  
  62  9:11  Pylon  
  62  9:18  Stalker x4  
  70  9:27  Probe  
  71  9:39  Probe  
  72  9:51  Probe  
  51  9:57  Zealot x4  
  51  9:58  Zealot  
  51  10:03  Probe  
  52  10:19  Zealot x4  
  60  10:22  Zealot  
  42  10:57  Stalker x2  
  42  10:58  Stalker x3  
  42  11:00  Stalker  
  54  11:30  Stalker  
  54  11:31  Stalker x4  
  64  11:59  Zealot x4  
  64  12:00  Zealot  
  70  12:38  Zealot x2  
  70  12:39  Zealot x3  
  70  12:40  Zealot  
Tags
 
Add a new tag
Caveats
  • Supply blocks, unpowered buildings, or Contaminate may cause inaccurate times.
  • Supply counts are checked every 10 seconds.